 Dungeon Crawl Stone Soup version 0.32-a0-918-g0f22ef8d61 (webtiles) character file.

Game seed: 10733581221052709132

2185 Fodor the Chopper (level 9, 0/78 HPs)
             Began as a Ghoul Chaos Knight on Apr 11, 2024.
             Was a Plaything of Xom.
             Slain by a thrashing horror (8 damage)
             ... on level 1 of the Abyss.
             The game lasted 00:20:25 (6522 turns).

Fodor the Chopper (Ghoul Chaos Knight)              Turns: 6522, Time: 00:20:26

Health: 0/78       AC: 20    Str: 20      XL:     9   Next: 33%
Magic:  9/9        EV: 25    Int: 11      God:    Xom [....*.]
Gold:   166        SH:  0    Dex:  7 (8)  Spells: 7/8 levels left

rFire   . . .        F - +0 battleaxe
rCold   + . .        (shield currently unavailable)
rNeg    + + +        u - +3 plate armour
rPois   ∞            f - +2 helmet
rElec   .            (no cloak)
rCorr   .            k - +0 pair of gloves
SInv    .            (no boots)
Will    .....        q - amulet of the acrobat Stlth
                     v - +5 ring of evasion
HPRegen 0.00/turn    d - ring of wizardry
MPRegen 0.11/turn

%: acrobat, wizardry (x1)
@: mighty, cleaving, acrobatic, attractive, inhibited regen, studying
Conjurations
A: claws 1, cold resistance 1, negative energy resistance 3, inhibited
regeneration, torment resistance 2, devour on kill
a: Renounce Religion


You were on level 1 of the Abyss.
You worshipped Xom.
You were a beloved toy of Xom.
You visited 2 branches of the dungeon, and saw 8 of its levels.
You visited the Abyss 1 time.

You collected 166 gold pieces.

Inventory:

Hand Weapons
 F - a +0 battleaxe (weapon)
Missiles
 t - 4 boomerangs (quivered)
Armour
 b - a +2 leather armour
 f - a +2 helmet (worn)
 k - a +0 pair of gloves (worn)
 u - a +3 plate armour (worn)
 D - +0 ice dragon scales
Jewellery
 d - a ring of wizardry (right hand)
 q - an amulet of the acrobat (around neck)
 v - a +5 ring of evasion (left hand)
Talismans
 n - a flux talisman
Wands
 x - a wand of roots (8)
 B - a wand of paralysis (10)
 C - a wand of flame (26)
Scrolls
 c - a scroll of butterflies
 g - a scroll of amnesia {unknown}
 i - a scroll of brand weapon {unknown}
 l - a scroll of teleportation {unknown}
 p - a scroll of blinking
 r - a scroll of identify {unknown}
 y - a scroll of immolation {unknown}
 z - a scroll of fear
 A - a scroll of enchant weapon {unknown}
Potions
 e - a potion of haste {unknown}
 h - a potion of magic {unknown}
 j - a potion of curing {unknown}
 m - 3 potions of mutation {unknown}
 o - a potion of enlightenment {unknown}
 s - 2 potions of heal wounds {unknown}
 w - 2 potions of ambrosia {unknown}


   Skills:
 + Level 6.8 Fighting
 + Level 7.4 Axes
 + Level 1.1(4.7) Polearms
 + Level 1.9 Throwing
 + Level 5.8 Armour
 + Level 2.3 Dodging
 + Level 2.9 Stealth


You had 7 spell levels left.
You knew the following spells:

 Your Spells              Type           Power      Damage    Failure   Level
a - Slow                  Hex            0%         N/A       96%         1

Your spell library contained the following spells:

 Spells                   Type           Power      Damage    Failure   Level
 Sting                    Conj/Alch      0%         1d3       96%         1
 Summon Small Mammal      Summ           0%         N/A       96%         1
 Cigotuvi's Dreadful Rot  Necr/Alch/Air  0%         N/A       99%         2
 Mercury Vapours          Alch/Air       0%         N/A       99%         2
 Call Canine Familiar     Summ           0%         N/A       100%        3
 Confusing Touch          Hex            0%         N/A       100%        3
 Dazzling Flash           Conj/Hex       0%         N/A       100%        3
 Vampiric Draining        Necr           0%         2d6       100%        3
 Dispel Undead            Necr           0%         3d6       100%        4
 Martyr's Knell           Necr/Summ      0%         N/A       100%        4
 Olgreb's Toxic Radiance  Alch           0%         N/A       100%        4
 Summon Blazeheart Golem  Fire/Summ      0%         N/A       100%        4
 Summon Forest            Summ/Tloc      0%         N/A       100%        5
 Eringya's Noxious Bog    Alch           0%         4d6       100%        6
 Starburst                Conj/Fire      0%         6d3       100%        6
 Summon Hydra             Summ           0%         N/A       100%        7
 Maxwell's Capacitive Co  Air            0%         ∞         100%        8


Dungeon Overview and Level Annotations

Branches:
Dungeon (7/15)             Temple (1/1) D:5

Altars:
Ashenzari
Cheibriados
Dithmenos
Fedhas
Gozag
Makhleb
Okawaru
Qazlal
Ru
Sif Muna
Trog
Uskayaw
Vehumet
Yredelemnul

Annotations:
D:6 Maggie


Innate Abilities, Weirdness & Mutations

You are immune to poison.
You have sharp fingernails.
Your flesh is cold resistant. (rC+)
You are immune to negative energy. (rN+++)
You do not regenerate when monsters are visible.
You are immune to unholy pain and torment.
You thrive by killing the living.


Message History

The white imp attacks as it pursues you!
The white imp completely misses you.
The tentacled starspawn is attracted toward you.
A tentacle flies out from the starspawn's body!
The white imp grinds its teeth.
The white imp attacks as it pursues you!
The white imp barely misses you.
The tentacled starspawn is attracted toward you.
The tentacled starspawn is attracted toward you.
The white imp is attracted toward you.
The tentacled starspawn is attracted toward you.
The white imp is attracted toward you.
Tentacles burst from the starspawn's body! 2 starspawn tentacles come into view.
The starspawn tentacle grabs you. The starspawn tentacle constricts you.
The starspawn tentacle's grasp on you weakens, but your attempt to escape fails.
Xom asks Qazlal to spice things up a little.
The starspawn tentacle constricts you.
* * * LOW HITPOINT WARNING * * *
The starspawn tentacle's grasp on you weakens, but your attempt to escape fails.
Something loses its grip on you.
The starspawn tentacle completely misses you.
The tentacled starspawn is attracted toward you.
The white imp is attracted toward you. Xom grants you a minor favour.
Your +0 battleaxe looks sharp (like it always does).
The tentacled starspawn bites you!
* * * LOW HITPOINT WARNING * * *
The tentacled starspawn completely misses you.
The tentacled starspawn is attracted toward you.
The tentacled starspawn attacks as it pursues you!
The tentacled starspawn closely misses you. x2
A thrashing horror comes into view.
The thrashing horror roars!
A tentacle flies out from the starspawn's body!
The thrashing horror is attracted toward you.
A starspawn tentacle comes into view.
The thrashing horror tramples you!
You die...
Xom guffaws!

#. ### ... #..
#...## . ...§#.#
###. ...#. #..##
#..###§.#
#.X@wX#.#
#....##.###5#####
..# ###.§§§ ─
###§§§# # #§#.─.
.# .. ##§§§ .#.
## #5##.# .# # .#


You could see a tentacled starspawn, a thrashing horror and a starspawn
tentacle.

Vanquished Creatures
  A small abomination (Abyss:1)
  Eustachio (D:4)
  An acid dragon (D:5)
  A water moccasin (D:6)
  An ice beast (D:6)
  A black bear (D:6)
  A crocodile (D:5)
  A bullfrog (D:2)
  A brain worm (Abyss:1)
  2 scorpions (D:5)
  4 wights
  Dowan (D:5)
  A quasit (Abyss:1)
  7 hounds
  4 jellies
  2 bombardier beetles
  A gnoll bouda (D:5)
  An orc priest (D:5)
  A sleepcap (D:5)
  Ijyb (D:4)
  3 iguanas
  2 orc wizards (D:5)
  Natasha (thrice) (D:4)
  5 gnolls (D:5)
  3 adders
  2 shadow imps
  2 dart slugs
  A ribbon worm (D:2)
  8 orcs
  2 ball pythons
  8 bats
  5 endoplasms
  4 giant cockroaches
  4 hobgoblins
  3 jackals (D:1)
  2 quokkas
  6 frilled lizards
  11 goblins
  7 kobolds
  4 rats
  A spectral kobold (D:2)
120 creatures vanquished.

Vanquished Creatures (collateral kills)
  An orc (D:4)
  A ball python (D:2)
  A kobold (D:2)
3 creatures vanquished.

Vanquished Creatures (others)
  A goblin zombie (D:4)
  22 starspawn tentacles (Abyss:1)
23 creatures vanquished.

Grand Total: 146 creatures vanquished

Notes
Turn   | Place    | Note
-------+----------+-------------------------------------------
     0 | D:1      | Fodor the Ghoul Chaos Knight began the quest for the Orb.
     0 | D:1      | Reached XP level 1. HP: 19/19 MP: 1/1
   174 | D:1      | Reached XP level 2. HP: 27/27 MP: 2/2
   216 | D:1      | XOM: silly message
   348 | D:1      | XOM: noise
   387 | D:1      | Reached XP level 3. HP: 31/33 MP: 3/3
   555 | D:1      | Reached skill level 1 in Dodging
   945 | D:2      | Reached skill level 3 in Axes
  1052 | D:2      | Found a faded altar of an unknown god.
  1217 | D:2      | XOM: chaos upgrade
  1240 | D:2      | XOM: silly message
  1411 | D:2      | an adder changed into a bullfrog
  1411 | D:2      | Noticed a bullfrog
  1418 | D:2      | Killed a bullfrog
  1419 | D:2      | Reached XP level 4. HP: 33/41 MP: 4/4
  1448 | D:2      | XOM: 8-stop teleportation journey
  1464 | D:2      | Reached skill level 1 in Stealth
  1526 | D:2      | XOM: divination: detect creatures
  1608 | D:2      | Reached XP level 5. HP: 46/47 MP: 5/5
  1739 | D:2      | XOM: silly message
  2319 | D:3      | Identified the +0 robe "Heuqivuemp" {rElec}
  2357 | D:3      | XOM: 1-stop teleportation journey
  2452 | D:3      | XOM: scenery: 1 doors open, 1 doors close
  2515 | D:3      | Found an opulent altar of Gozag.
  2753 | D:3      | XOM: summons 3 hostile demons
  2765 | D:3      | XOM: smoke on damage
  2988 | D:3      | XOM: scenery: summon butterflies
  3042 | D:3      | Learned a level 1 spell: Slow
  3073 | D:4      | XOM is BORED!
  3073 | D:4      | XOM: summons 3 hostile shadow creatures
  3095 | D:4      | XOM: god gift: wand of roots (6)
  3170 | D:4      | Found a stormy altar of Qazlal.
  3205 | D:4      | Noticed Natasha
  3216 | D:4      | Killed Natasha
  3270 | D:4      | Reached skill level 4 in Axes
  3270 | D:4      | Reached XP level 6. HP: 50/55 MP: 6/6
  3294 | D:4      | XOM: god gift: robe {god gift}
  3378 | D:4      | Noticed Natasha
  3388 | D:4      | Killed Natasha
  3393 | D:4      | XOM: scenery: 1 doors open, 1 doors close
  3404 | D:4      | XOM: 1-stop teleportation journey
  3427 | D:4      | Noticed Ijyb
  3432 | D:4      | Paralysed by Ijyb for 3 turns
  3441 | D:4      | XOM: fog
  3441 | D:4      | Paralysed by Ijyb for 3 turns
  3449 | D:4      | Paralysed by Ijyb for 2 turns
  3459 | D:4      | Killed Ijyb
  3524 | D:4      | XOM: cloud trail
  3526 | D:4      | Noticed Eustachio
  3528 | D:4      | XOM: summons 2 friendly demons
  3530 | D:4      | XOM: polymorph crimson imp -> lemure
  3539 | D:4      | Killed Eustachio
  3540 | D:4      | Reached skill level 5 in Fighting
  3540 | D:4      | Reached XP level 7. HP: 59/61 MP: 7/7
  3635 | D:4      | XOM: divination: magic mapping
  3641 | D:4      | Noticed Natasha
  3647 | D:4      | Killed Natasha
  3830 | D:5      | Entered Level 5 of the Dungeon
  3842 | D:5      | Reached skill level 5 in Axes
  4041 | D:5      | Reached skill level 1 in Throwing
  4158 | D:5      | XOM: noise
  4186 | D:5      | Noticed Duvessa
  4190 | D:5      | XOM: blink monster(s)
  4194 | D:5      | Noticed Dowan
  4200 | D:5      | Duvessa changed into Duvessa the acid dragon
  4200 | D:5      | Noticed Duvessa
  4200 | D:5      | XOM: polymorph Duvessa -> Duvessa the acid dragon
  4202 | D:5      | XOM: confusion (+ monsters)
  4218 | D:5      | Killed Dowan
  4223 | D:5      | Killed Duvessa the acid dragon
  4224 | D:5      | Reached XP level 8. HP: 39/69 MP: 8/8
  4374 | D:5      | XOM: smoke on damage
  4396 | D:5      | Reached skill level 6 in Axes
  4420 | D:5      | XOM: enchant monster (bad)
  4459 | D:5      | XOM: noise
  4643 | D:5      | XOM: potion effect (invisibility)
  4660 | D:5      | XOM: noise
  5126 | D:5      | Found a staircase to the Ecumenical Temple.
  5315 | Temple   | Entered the Ecumenical Temple
  5479 | D:4      | XOM: divination: detect creatures
  5613 | D:6      | Reached skill level 5 in Armour
  5738 | D:6      | XOM: potion effect (brilliance)
  5747 | D:6      | XOM: potion effect (curing)
  5756 | D:7      | XOM: potion effect (heal wounds)
  5807 | D:6      | Reached XP level 9. HP: 24/78 MP: 9/9
  5811 | D:6      | Reached skill level 7 in Axes
  6205 | D:6      | Noticed Maggie
  6211 | Abyss:1  | Cast into level 1 of the Abyss (Maggie)
  6241 | Abyss:1  | Reached skill level 1 in Polearms
  6422 | Abyss:1  | Found a corrupted altar of Lugonu.
  6441 | Abyss:1  | Noticed a tentacled starspawn
  6478 | Abyss:1  | XOM: potion effect (attraction)
  6480 | Abyss:1  | XOM: divination: detect items
  6482 | Abyss:1  | XOM: potion effect (heal wounds)
  6489 | Abyss:1  | Found a corrupted altar of Lugonu.
  6493 | Abyss:1  | XOM: potion effect (might)
  6512 | Abyss:1  | XOM: fog
  6518 | Abyss:1  | XOM: cleaving
  6521 | Abyss:1  | Noticed a thrashing horror
  6522 | Abyss:1  | Slain by a thrashing horror

Illustrated notes

Levels and vault maps discovered:
D:1:      dpeg_arrival_shrine, layout_loops_ring, serial_forest,
          infiniplex_forest_straight_1, infiniplex_forest_clump_curved,
          infiniplex_forest_end_3, infiniplex_forest_lined_room_2,
          infiniplex_forest_clump_cross
D:2:      minmay_kobold_bridge, layout_basic,
          dreamdust_ecumenical_altar_drowned_temple,
          chequers_serial_rivers_room_b
D:3:      layout_basic, general_overflow_altar
D:4:      layout_basic, nicolae_qazlal_eye_of_the_storm, serial_library,
          serial_library_hellmonk_open_cross,
          serial_library_hellmonk_semicircle,
          serial_library_hellmonk_small_corner,
          serial_library_hellmonk_double_dead_end,
          serial_library_hellmonk_filled_rooms,
          serial_library_hellmonk_narrow_alcove,
          serial_library_hellmonk_hallway_b, minivault_26, amethyst_killhole,
          uniq_ijyb, uniq_natasha, uniq_eustachio
D:5:      minmay_skewed_foursquare, layout_basic, minmay_temple_entry_trees,
          uniq_duvessa
D:6:      layout_basic, nzn_wu_jian_council_hall, uniq_maggie,
          uniq_crazy_yiuf_cottage
D:7:      layout_basic, kennysheep_mini, nicolae_hepliaklqana_hippocampus,
          hex_intersection, uniq_joseph, uniq_prince_ribbit1, uniq_jeremiah
Temple:   minmay_temple_curvy_branch
Abyss:1:  base:
D:3

Skill      XL: |  1  2  3  4  5  6  7  8  9 |
---------------+----------------------------+-----
Fighting       | 4 5 6 |  6.8
Armour         | 2 3 4 5 |  5.8
Dodging        | 1 2 |  2.3
Axes           | 3 4 5 6 7 |  7.4
Stealth        | 1 2 |  2.9
Throwing       | 1 |  1.9
Polearms       | 1 |  1.1

Action                     |  1- 3 |  4- 6 |  7- 9 || total
---------------------------+-------+-------+-------++-------
  Melee: Hand axe          |   115 |   159 |   252 ||   526
         Halberd           |       |       |    12 ||    12
         Battleaxe         |       |       |    64 ||    64
  Throw: Boomerang         |       |    11 |    13 ||    24
    Use: Scroll            |       |       |     5 ||     5
   Stab: Paralysed         |     1 |       |       ||     1
         Petrifying        |       |       |     4 ||     4
         Petrified         |       |       |     1 ||     1
 Armour: Leather armour    |    76 |    53 |       ||   129
         Plate armour      |       |   109 |   333 ||   442
         Skin              |       |    18 |       ||    18
  Dodge: Dodged            |    70 |   112 |   265 ||   447

Table legend: (Time is in decaauts)
 A = Elapsed time spent in this place.
 B = Non-inter-level travel time spent in this place.
 C = Inter-level travel time spent in this place.
 D = Time resting spent in this place.
 E = Time spent auto-exploring this place.
 F = Levels seen in this place.
 G = Mean time per level.
                   A        B        C        D        E       F      G
               +--------+--------+--------+--------+--------+-----+--------+
         Total |   6603 |   6344 |    259 |    466 |   3779 |   9 |  733.7 |
       Dungeon |   6173 |   5914 |    259 |    466 |   3601 |   7 |  881.9 |
        Temple |    110 |    110 |      0 |      0 |      0 |   1 |  110.0 |
         Abyss |    319 |    319 |      0 |      0 |    178 |   1 |  319.0 |
               +--------+--------+--------+--------+--------+-----+--------+

Top non-repeatable levels by time:
     D:5: 1546 daAuts
     D:2: 1384 daAuts
     D:1: 954 daAuts
     D:3: 834 daAuts
     D:4: 822 daAuts
     D:6: 606 daAuts
 Abyss:1: 319 daAuts
  Temple: 110 daAuts
     D:7: 25 daAuts
